 Dungeon Crawl Stone Soup version 0.28.0-53-g5a82cb258f (webtiles) character file.

Game seed: 3456869014221065987

0 Zeld the Ruffian (level 1, -1/16 HPs)
             Began as a Draconian Transmuter on June 3, 2022.
             Slain by a jackal (3 damage)
             ... on level 1 of the Dungeon.
             The game lasted 00:00:26 (60 turns).

Zeld the Ruffian (Draconian Transmuter)               Turns: 60, Time: 00:00:26

Health: -1/16      AC:  4    Str: 12    XL:     1   Next: 8%
Magic:  2/3        EV: 12    Int: 13    God:
Gold:   0          SH:  0    Dex: 11    Spells: 3/4 levels left

rFire   . . .      SeeInvis .     - Unarmed
rCold   . . .      Faith    .   (no shield)
rNeg    . . .      Spirit   .   (armour unavailable)
rPois   .          Reflect  .   (helmet currently unavailable)
rElec   .          Harm     .   (no cloak)
rCorr   .          Rampage  .   (no gloves)
Will    .....                   (boots currently unavailable)
Stlth   +.........              (no amulet)
HPRegen 0.05/turn               (no ring)
MPRegen 0.08/turn               (no ring)

@: appendages (expiring)
A: horns 2, talons 2, AC +4, unfitting armour, cold-blooded
a: End Transformation


You were on level 1 of the Dungeon.
You had temporarily grown beastly horns and talons.
You visited 1 branch of the dungeon, and saw 1 of its levels.

Inventory:

Potions
 a - a potion of flight {unknown}


   Skills:
 + Level 1.1 Fighting
 - Level 1.7 Dodging
 - Level 3.0 Unarmed Combat
 + Level 2.0 Spellcasting
 + Level 2.0 Transmutations
 * Level 0.0 Ice Magic
 * Level 0.1 Poison Magic


You had 3 spell levels left.
You knew the following spells:

 Your Spells              Type           Power      Damage    Failure   Level
a - Beastly Appendage     Tmut           12%        N/A       11%         1

Your spell library contained the following spells:

 Spells                   Type           Power      Damage    Failure   Level
 Wereblood                Tmut           6%         N/A       17%         2
 Spider Form              Tmut/Pois      4%         N/A       45%         3
 Ice Form                 Ice/Tmut       3%         N/A       86%         4


Dungeon Overview and Level Annotations

Branches:
Dungeon (1/15)

Altars:


Innate Abilities, Weirdness & Mutations

You have temporarily grown beastly horns and talons.
Your plain brown scales are hard. (AC +4)
You cannot fit into any form of body armour.
You are cold-blooded and may be slowed by cold attacks.


Message History

The quokka barely misses you.
You miss the quokka.
You feel yourself speed up. The quokka barely misses you.
The quokka closely misses you.
Casting: Beastly Appendage (safe; 11% risk of failure)
Confirm with . or Enter, or press ? or * to list all spells.
You grow a pair of large bovine horns.
Your feet morph into talons.
The quokka bites you.
You closely miss the quokka. Your headbutt misses the quokka.
The quokka barely misses you.
Unknown command.
You barely miss the quokka. The quokka closely misses you.
You closely miss the quokka. Your kick misses the quokka.
Your headbutt misses the quokka. You tail-slap the quokka.
The quokka is heavily wounded.
The quokka twitches its whiskers.
The quokka misses you.
You barely miss the quokka.
The quokka is heavily wounded.
The quokka bites you.
* * * LOW HITPOINT WARNING * * *
You barely miss the quokka. Your kick misses the quokka.
The quokka is heavily wounded.
Your transformation is almost over.
The quokka barely misses you. The quokka closely misses you.
Unknown command.
You barely miss the quokka. You claw the quokka, but do no damage.
You tail-slap the quokka.
The quokka is severely wounded.
The quokka completely misses you.
Unknown command.
You hit the quokka but do no damage. Your headbutt misses the quokka.
The quokka is severely wounded.
The quokka bites you.
* * * LOW HITPOINT WARNING * * *
Unknown command.
You hit the quokka.
You kill the quokka!
The jackal bites you.
You die...

#...#.# ###
###...#.#
...h#.......##)
.##..h.........
..?..........# #bK.#
#Jh.# #h### #@#
♣♣♣♣♣ #.# ♣♣...♣♣
##.## ♣♣.....♣♣
##..#...##♣.......♣
#..........♣.......♣
#.###.........♣.♣..♣
#..........⌠...♣
##)..#....♣.♣..♣
######♣......♣♣


You could see an endoplasm, 2 jackals, a bat and a kobold.

Vanquished Creatures
  A quokka (D:1)
  A bat (D:1)
2 creatures vanquished.

Notes
Turn   | Place    | Note
-------+----------+-------------------------------------------
     0 | D:1      | Zeld the Draconian Transmuter began the quest for the Orb.
     0 | D:1      | Reached XP level 1. HP: 16/16 MP: 3/3
    60 | D:1      | Slain by a jackal

Illustrated notes

Levels and vault maps discovered:
D:1:      amcnicky_arrival_underground_garden, layout_loops_ring,
          item_on_display_a

Action                   || total
-------------------------++-------
Melee: Unarmed           ||    13
       Tailslap          ||     3
       Kick              ||     1
 Cast: Beastly Appendage ||     4
Armor: Skin              ||     5
Dodge: Dodged            ||    21
